Map: Lerilak Crest

Players

Manta

  • Race: Zerg Zerg
  • League: Silver

Xetroth - Winner!

  • Race: Zerg Zerg
  • League: Silver

VOD

Have the link to the VOD?

Description

Time

  • Played on: Feb. 16, 2016, 4 p.m.
  • Length: 13:10
Show
View Real Time Build Order
Export as new Build Order

Manta Zerg 

Build Orders: Pool First 

Get SALT Encoding   

  12  0:02  Drone  
  13  0:14  Overlord  
  13  0:21  Drone  
  14  0:25  Drone, Extractor  
  15  0:32  Drone  
  16  0:37  Drone  
  17  0:48  Extractor  
  16  0:51  Spawning Pool  
  16  0:53  Drone  
  16  1:14  Overlord  
  16  1:38  Zergling x2  
  16  1:39  Zergling x4  
  19  1:53  Metabolic Boost  
  19  1:54  Hatchery  
  19  1:57  Queen  
  20  2:05  Drone x2  
  22  2:19  Zergling x2  
  23  2:23  Baneling Nest  
  22  2:36  Zergling x4  
  24  2:43  Drone  
  25  2:55  Lair  
  25  3:11  Queen  
  27  3:20  Drone  
  27  3:22  Overlord x2  
  27  3:25  Extractor  
  27  3:37  Drone  
  28  3:53  Drone x4  
  32  3:57  Drone x3  
  32  3:58  Drone x2  
  37  4:15  Spire  
  36  4:18  Drone  
  36  4:19  Drone, Extractor  
  37  4:41  Drone x4  
  37  4:42  Drone x2  
  42  5:07  Drone  
  42  5:09  Overlord x2  
  42  5:12  Extractor  
  42  5:25  Baneling x3  
  42  5:27  Queen x2  
  46  5:29  Mutalisk x2  
  46  5:30  Mutalisk  
  46  5:32  Spine Crawler  
  46  5:35  Drone x3  
  53  5:41  Drone  
  53  5:42  Drone x2  
  57  5:46  Overlord  
  57  6:18  Drone  
  57  6:19  Drone x2, Mutalisk  
  57  6:20  Mutalisk x2  
  64  6:37  Hatchery  
  62  6:44  Mutalisk  
  62  6:45  Mutalisk x2  
  62  6:46  Mutalisk  
  65  7:00  Mutalisk  
  67  7:04  Overlord  
  67  7:05  Overlord x2  
  67  7:24  Overlord x2  
  67  7:25  Drone  
  67  7:26  Drone x4  
  72  7:42  Zerg Flyer Weapons Level 1  
  72  8:11  Mutalisk x6  
  84  8:13  Zergling x6  
  84  8:14  Zergling x12  
  84  8:15  Zergling x2  
  88  8:41  Mutalisk x3  
  46  9:13  Drone x2  
  48  9:22  Hatchery  
  47  9:32  Hatchery  
  42  10:23  Drone  
  42  10:24  Drone x2  
  43  10:49  Drone x2  
  45  10:50  Queen  
  45  10:51  Queen  
  33  12:00  Mutalisk  
  35  12:01  Zergling x4  
Show
View Real Time Build Order
Export as new Build Order

Xetroth Zerg - Winner!

Build Orders: Hatch First 

Get SALT Encoding   

  12  0:01  Drone  
  13  0:08  Drone  
  14  0:16  Overlord  
  14  0:24  Extractor  
  14  0:25  Drone  
  15  0:36  Drone x2  
  17  0:44  Drone  
  18  0:59  Hatchery  
  18  1:04  Drone  
  18  1:07  Extractor  
  18  1:08  Drone  
  18  1:21  Spawning Pool  
  18  1:22  Drone  
  18  1:28  Drone  
  19  1:38  Overlord  
  19  2:12  Zergling x8  
  23  2:16  Queen  
  23  2:17  Queen  
  26  2:36  Metabolic Boost  
  26  2:42  Roach Warren  
  25  2:53  Drone x3  
  28  3:01  Overlord  
  28  3:02  Drone x2  
  30  3:15  Queen  
  32  3:20  Spine Crawler  
  32  3:21  Drone x4  
  35  3:31  Drone x2  
  37  3:36  Extractor  
  37  3:40  Drone x3  
  37  3:41  Drone  
  40  3:51  Evolution Chamber  
  40  3:53  Lair  
  39  4:01  Roach x2  
  43  4:15  Zergling x2  
  43  4:16  Overlord x3  
  44  4:34  Drone  
  44  4:35  Drone x6  
  51  4:47  Zerg Ground Armor Level 1  
  51  4:50  Drone x2  
  53  5:05  Hatchery  
  53  5:06  Drone x4  
  53  5:07  Drone x2  
  58  5:20  Overlord  
  58  5:23  Roach x3  
  58  5:27  Extractor x2  
  62  5:45  Glial Reconstitution  
  62  5:58  Roach x6  
  74  6:13  Roach  
  74  6:15  Overlord  
  73  6:46  Roach  
  69  6:47  Roach x10  
  69  6:48  Roach  
  85  7:05  Ravager  
  86  7:10  Queen, Spire  
  86  7:13  Overlord x3  
  87  7:17  Queen  
  89  7:37  Ravager  
  89  7:43  Ravager x4  
  94  7:49  Zergling x2  
  94  7:50  Zergling x28  
  109  7:57  Queen  
  84  8:54  Overlord  
  84  8:55  Overlord x4, Mutalisk x3  
  70  9:00  Ravager x3  
  69  9:05  Mutalisk x6  
  69  9:07  Mutalisk x2  
  70  9:15  Queen  
  72  9:19  Mutalisk  
  72  9:20  Mutalisk x2  
  78  9:29  Roach x2  
  71  9:45  Mutalisk  
  71  9:46  Mutalisk x2  
  64  10:08  Mutalisk  
  43  10:22  Zergling x2  
  43  10:23  Zergling x16  
  31  10:43  Spore Crawler  
  31  10:46  Spore Crawler  
  31  10:47  Mutalisk  
  31  10:48  Mutalisk x2  
  35  10:53  Spore Crawler  
  26  10:58  Drone  
  26  11:02  Zergling x12  
  26  11:22  Zergling x10  
  23  11:56  Hatchery  
  17  12:16  Drone x2  
  17  12:17  Drone x3  
  22  12:38  Drone  
  22  12:39  Drone  
Tags
 
Add a new tag
Caveats
  • Supply blocks, unpowered buildings, or Contaminate may cause inaccurate times.
  • Supply counts are checked every 10 seconds.